Map: Acropolis LE

Players

MCanning - Winner!

  • Race: Protoss Protoss
  • Spawn Location: 11:00

niceusername

  • Race: Terran Terran
  • Spawn Location: 5:00

VOD

Have the link to the VOD?

Description

Time

  • Played on: Sept. 6, 2019, 2:36 p.m.
  • Length: 9:21
Show
View Real Time Build Order
Export as new Build Order

MCanning Protoss - Winner!

Build Orders: 1 Gate Expand, Colossus Rush 

Get SALT Encoding   

  12  0:01  Probe  
  13  0:13  Probe  
  14  0:17  Pylon  
  14  0:25  Probe  
  15  0:34  Probe  
  15  0:37  Gateway  
  15  0:42  Probe  
  16  0:47  Assimilator  
  17  0:51  Probe  
  18  1:03  Probe  
  19  1:15  Probe  
  20  1:26  Cybernetics Core  
  20  1:27  Probe  
  21  1:37  Nexus  
  21  1:44  Pylon  
  21  1:48  Probe  
  21  1:53  Stalker  
  22  2:00  Probe  
  22  2:06  Shield Battery  
  22  2:07  Warp Gate  
  24  2:13  Assimilator  
  24  2:15  Stalker  
  24  2:17  Probe  
  25  2:29  Probe  
  28  2:41  Probe  
  28  2:45  Pylon  
  28  2:50  Probe  
  28  2:52  Probe  
  28  2:55  Sentry  
  28  2:58  Probe  
  32  3:04  Probe  
  34  3:07  Probe  
  34  3:11  Robotics Facility  
  35  3:15  Probe  
  35  3:16  Probe  
  37  3:23  Probe  
  37  3:28  Gateway, Probe  
  39  3:34  Probe  
  39  3:35  Gateway  
  39  3:40  Probe  
  41  3:46  Probe  
  42  3:49  Pylon  
  42  3:52  Probe  
  43  3:56  Observer  
  43  3:58  Probe  
  43  4:00  Robotics Bay  
  44  4:04  Probe  
  44  4:07  Assimilator  
  44  4:08  Pylon  
  44  4:09  Assimilator  
  46  4:10  Probe  
  46  4:15  Pylon  
  47  4:18  Probe  
  47  4:21  Observer  
  49  4:24  Stalker  
  49  4:25  Stalker  
  49  4:28  Probe  
  54  4:34  Pylon, Stalker  
  54  4:38  Probe  
  57  4:40  Probe  
  58  4:52  Stalker x2  
  62  4:55  Pylon  
  62  4:57  Colossus  
  57  5:09  Observer  
  57  5:10  Probe  
  64  5:14  Observer  
  64  5:20  Probe  
  64  5:21  Forge  
  65  5:23  Probe  
  65  5:27  Extended Thermal Lance  
  66  5:43  Nexus  
  66  5:45  Warp Prism  
  66  5:48  Sentry  
  68  5:51  Probe  
  68  5:53  Probe  
  71  5:58  Protoss Ground Weapons Level 1  
  71  6:03  Probe  
  72  6:09  Probe  
  73  6:17  Colossus, Gateway  
  73  6:18  Probe  
  73  6:20  Gateway  
  73  6:21  Probe  
  75  6:29  Twilight Council  
  75  6:30  Pylon  
  75  6:38  Probe  
  82  6:44  Probe  
  81  6:50  Probe  
  81  6:51  Gateway  
  81  6:52  Pylon  
  82  6:55  Probe  
  82  6:56  Probe  
  84  7:02  Probe  
  84  7:07  Colossus, Probe  
  84  7:08  Probe  
  93  7:16  Blink  
  93  7:17  Zealot  
  93  7:18  Zealot x4  
  100  7:33  Probe  
  99  7:42  Probe  
  90  7:48  Probe  
  90  7:49  Probe  
  86  7:53  Disruptor  
  86  7:54  Probe  
  86  7:55  Stalker x2  
  86  7:56  Stalker x4  
  99  8:02  Assimilator  
  99  8:04  Assimilator  
  103  8:09  Forge  
  102  8:14  Shield Battery  
  102  8:15  Shield Battery  
  102  8:16  Pylon  
  102  8:22  Sentry x2  
  102  8:24  Zealot x4  
  114  8:28  Disruptor  
  114  8:30  Gateway  
  114  8:31  Pylon  
  114  8:34  Dark Shrine  
  114  8:36  Pylon  
  117  8:47  Zealot x5  
  127  9:04  Stalker  
  127  9:06  Shield Battery  
  127  9:08  Shield Battery  
  127  9:09  Shield Battery  
  129  9:13  Stalker x3  
  129  9:14  Stalker x2  
  139  9:18  Pylon  
Show
View Real Time Build Order
Export as new Build Order

niceusername Terran 

Build Orders:  

Get SALT Encoding   

  12  0:01  SCV  
  13  0:13  SCV  
  14  0:17  Supply Depot  
  14  0:25  SCV  
  15  0:39  Barracks, SCV  
  16  0:45  Refinery  
  16  0:51  SCV  
  17  1:03  SCV  
  18  1:15  SCV  
  19  1:27  SCV  
  19  1:28  Marine  
  19  1:29  Supply Depot  
  21  1:39  Orbital Command  
  21  1:52  Factory  
  21  2:04  Command Center  
  21  2:10  Barracks Reactor, SCV  
  22  2:18  Bunker  
  22  2:22  SCV  
  23  2:26  Refinery  
  23  2:35  SCV  
  24  2:47  SCV  
  25  2:53  Starport  
  25  2:59  Widow Mine x2, SCV, Marine  
  25  3:01  Supply Depot  
  31  3:16  Orbital Command, SCV  
  32  3:20  Widow Mine x2  
  32  3:25  Marine  
  37  3:28  SCV  
  38  3:38  Medivac  
  38  3:40  SCV  
  41  3:43  Marine  
  41  3:44  Barracks  
  41  3:45  SCV  
  43  3:52  SCV  
  43  3:55  Barracks  
  44  4:01  Marine  
  45  4:03  SCV  
  45  4:06  SCV  
  47  4:14  Factory Tech Lab  
  47  4:15  SCV  
  48  4:18  SCV  
  48  4:22  Command Center  
  49  4:25  Supply Depot  
  49  4:27  SCV  
  49  4:30  SCV  
  51  4:40  SCV  
  51  4:42  SCV  
  51  4:43  Refinery, Barracks  
  51  4:44  Refinery  
  51  4:45  Barracks, Engineering Bay x2  
  53  4:46  Marine  
  54  4:54  SCV  
  54  4:58  SCV  
  52  5:04  Siege Tank  
  52  5:05  Marine x3  
  52  5:06  SCV  
  53  5:09  Supply Depot  
  53  5:12  Terran Infantry Weapons Level 1  
  53  5:16  SCV  
  53  5:19  SCV  
  55  5:23  Marine x2  
  55  5:25  Terran Infantry Armor Level 1  
  55  5:28  Supply Depot, SCV  
  59  5:32  Barracks Tech Lab  
  59  5:33  Medivac  
  60  5:36  Barracks, Marine  
  60  5:37  Marine  
  62  5:43  Missile Turret  
  63  5:53  SCV  
  63  5:54  SCV  
  64  6:00  Barracks Tech Lab x2, Barracks Reactor  
  64  6:01  Marauder  
  66  6:05  SCV  
  66  6:06  Medivac, Armory  
  66  6:10  Marine  
  69  6:11  SCV  
  69  6:12  Orbital Command  
  70  6:20  Marine  
  70  6:21  Marauder  
  70  6:23  Marauder  
  76  6:28  Marine  
  76  6:33  SCV  
  76  6:36  Marine x2  
  76  6:38  Marine  
  80  6:41  Marine  
  80  6:44  Marauder  
  80  6:45  SCV  
  80  6:46  SCV  
  85  6:51  Marine  
  85  6:54  Marine x2  
  86  6:56  Marauder, Concussive Shells  
  86  6:57  Stimpack, SCV  
  86  6:58  SCV  
  92  7:09  Marine  
  92  7:10  Marine, SCV  
  92  7:11  Marauder, Marine  
  92  7:14  Marine  
  92  7:15  SCV  
  93  7:20  Marauder  
  93  7:22  Siege Tank  
  88  7:34  Marine, SCV  
  88  7:35  Marauder x2  
  85  7:40  SCV, Marine x2  
  85  7:41  Marine  
  78  7:52  Marine  
  78  7:56  Marauder  
  78  7:57  Marauder, Marine  
  84  8:00  SCV  
  84  8:05  SCV  
  86  8:27  Marine  
  86  8:28  Marine x2  
  88  8:36  SCV  
  74  9:02  Marine  
  76  9:03  Marine  
Tags
 
Add a new tag
Caveats
  • Supply blocks, unpowered buildings, or Contaminate may cause inaccurate times.
  • Supply counts are checked every 10 seconds.